 Dungeon Crawl Stone Soup version 0.18-a0-1481-g708b138 (webtiles) character file.

59 Duffy the Conjurer (level 3, 0/19 HPs)
             Began as a Deep Elf Conjurer on Mar 3, 2016.
             Slain by Crazy Yiuf
             ... wielding a +4 quarterstaff of chaos
              (1 damage)
             ... on level 2 of the Dungeon.
             The game lasted 00:01:18 (1479 turns).

Duffy the Conjurer (Deep Elf Conjurer)              Turns: 1479, Time: 00:01:18

Health: 0/19       AC:  2    Str:  5    XL:     3   Next: 78%
Magic:  3/11       EV: 13    Int: 19    God:
Gold:   49         SH:  0    Dex: 16    Spells: 2 memorised, 8 levels left

rFire  . . .     SeeInvis .     (no weapon)
rCold  . . .     Gourm    .     a - +0 robe
rNeg   . . .     Faith    .     (no shield)
rPois  +         Spirit   .     (no helmet)
rElec  .         Dismiss  .     (no cloak)
rCorr  +         Reflect  .     (no gloves)
SustAt .         Harm     .     (no boots)
MR     .....                    (no amulet)
Stlth  ++........               k - ring of resist corrosion
                                d - ring of poison resistance

@: lethally poisoned (0 -> -18), not resistant to hostile enchantments,
unstealthy
A: no striking features
a: no special abilities


You were on level 2 of the Dungeon.
You were hungry.

You visited 1 branch of the dungeon, and saw 2 of its levels.

You collected 49 gold pieces.


   Skills:
 - Level 2.4 Dodging
 - Level 2.4 Stealth
 + Level 4.6 Spellcasting
 + Level 5.2 Conjurations


You had 8 spell levels left.
You knew the following spells:

 Your Spells              Type           Power        Failure   Level  Hunger
a - Magic Dart            Conj           ###.         1%          1    None
s - Searing Ray           Conj           ###...       2%          2    #......

Inventory:

Armour
 a - a +0 robe (worn)
Jewellery
 d - a ring of poison resistance (left hand)
 k - a ring of resist corrosion (right hand)
Wands
 j - a wand of random effects (11/48)
Scrolls
 f - a scroll of random uselessness {unknown}
 g - a scroll of fog {unknown}
 h - a scroll of enchant weapon {unknown}
 l - a scroll of identify {unknown}
Potions
 e - a potion of curing {unknown}
Books
 b - a book of Conjurations
Comestibles
 c - 2 bread rations
 i - a beef jerky

Dungeon Overview and Level Annotations

Branches:
Dungeon (2/15)

Altars:
Xom

Annotations:
D:2 Crazy Yiuf


Message History

Found a stone staircase leading down.
You open the door.
You are feeling hungry.
Found a mace.
Crazy Yiuf the Enlightened comes into view.
He is wielding a quarterstaff of chaos.
Cast which spell? (? or * to list)
Aiming: Magic Dart
Press: ? - help, Shift-Dir - straight line, f - Crazy Yiuf
Aim: Crazy Yiuf, wielding a quarterstaff of chaos and wearing an embroidered cloak (resting)
The magic dart hits Crazy Yiuf.
Crazy Yiuf is lightly wounded.
Crazy Yiuf shouts!
Cast which spell? (? or * to list)
Aiming: Searing Ray
Press: ? - help, Shift-Dir - straight line, f/p - Crazy Yiuf
Aim: Crazy Yiuf, wielding a quarterstaff of chaos and wearing an embroidered cloak (lightly wounded)
The searing ray misses Crazy Yiuf.
The searing ray hits Crazy Yiuf.
Crazy Yiuf is lightly wounded.
The searing ray hits Crazy Yiuf.
Crazy Yiuf is severely wounded.
Crazy Yiuf twirls on the spot.
The searing ray misses Crazy Yiuf.
Crazy Yiuf completely misses you.
Cast which spell? (? or * to list)
Aiming: Searing Ray
Press: ? - help, Shift-Dir - straight line, f/p - Crazy Yiuf
Aim: Crazy Yiuf, wielding a quarterstaff of chaos and wearing an embroidered cloak (severely wounded)
The searing ray hits Crazy Yiuf.
Crazy Yiuf is severely wounded.
Crazy Yiuf hits you with a quarterstaff of chaos!
Ouch! That really hurt!
You are lethally poisoned!
The searing ray misses Crazy Yiuf.
You feel sick.
Crazy Yiuf hits you with a quarterstaff of chaos.
Crazy Yiuf burns you.
You die...

.####....#
###.###...#
.+.......#
##...#
##..#
.######'##
#....# #.>#
.'..# #.#
#....# ####
.##.# #.#
#'..+#
.##.# #.#
7.P.P7
.##.###.#
77P..7
###.....#
77.77
..#####.#


77@7 #.######## 7g77 #........# 7.7 ########## .77 #. .. #.g #). ### You could
see Crazy Yiuf.

Action                   || total
-------------------------++-------
 Cast: Magic Dart        ||    56
       Searing Ray       ||     2
  Eat: Chunk             ||     1

Notes
Turn   | Place    | Note
--------------------------------------------------------------
     0 | D:1      | Duffy the Deep Elf Conjurer began the quest for the Orb.
     0 | D:1      | Reached XP level 1. HP: 10/10 MP: 6/6
   456 | D:1      | Reached XP level 2. HP: 15/15 MP: 3/8
   461 | D:1      | Learned a level 2 spell: Searing Ray
   890 | D:2      | Found a shimmering altar of Xom.
   977 | D:2      | Reached skill level 4 in Spellcasting
   977 | D:2      | Reached skill level 5 in Conjurations
   977 | D:2      | Reached XP level 3. HP: 19/19 MP: 3/10
  1470 | D:2      | Noticed Crazy Yiuf
  1479 | D:2      | Slain by Crazy Yiuf

Vault maps used:
D:1:      dpeg_arrival_stone_temple_mockup, serial_forest,
          infiniplex_forest_straight_5, infiniplex_forest_3_way,
          infiniplex_forest_lined_corner, infiniplex_forest_straight_4,
          infiniplex_forest_lined_room_3, infiniplex_forest_clump_curved,
          minivault_14, lemuel_another_geyser
D:2:      xom_butterflies, first_bread, minmay_splitting_lines,
          uniq_crazy_yiuf_cottage

Vanquished Creatures
  4 adders
  A giant gecko
  5 bats
  A goblin
  3 hobgoblins
  5 kobolds
  A giant newt
  5 rats
25 creatures vanquished.
